 Dungeon Crawl Stone Soup version 0.27.1-33-g824d729ab1 (webtiles) character file.

Game seed: 4520366737580249764

840344 Elvor the Sorcerer (level 27, -5/284 HPs)
             Began as a Purple Draconian Conjurer on Nov 19, 2021.
             Was the Champion of the Shining One.
             Slain by Antaeus (12 damage)
             ... on level 7 of Cocytus on Dec 13, 2021.
             The game lasted 19:57:11 (98661 turns).

Elvor the Sorcerer (Purple Draconian Conjurer)     Turns: 98661, Time: 19:57:12

Health: -5/284     AC: 21    Str: 11    XL:     27
Magic:  17/53      EV: 20    Int: 34    God:    the Shining One [******]
Gold:   5557       SH: 11    Dex: 15    Spells: 6/78 levels left

rFire    . . .     SeeInvis .   U - +9 sacred scourge (holy)
rCold    + + +     Faith    .   F - +3 buckler {reflect}
rNeg     + + +     Spirit   .   (armour unavailable)
rPois    .         Reflect  +   P - +2 hat {Int+3}
rElec    +         Harm     .   q - +0 cloak {rCorr}
rCorr    +         Rampage  .   Q - +2 pair of gloves of Festooned Joy {Fly rElec Dex+2 Stlth+}
Will     ++++.                  O - +1 pair of boots
Stlth    ++........             J - amulet of Vitality {Regen+ HP+15}
HPRegen  1.57/turn              D - ring of the Iron Devil {+Blink rC++ rN+ Dex+3}
MPRegen  0.33/turn              C - ring of the Moon {Wiz rC+ Int+3 Slay+2}

@: brilliant, flying, glowing, studying 3 skills
A: breathe power, AC +13, unfitting armour, cold-blooded, hooves 1, clumsy 1
}: 7/15 runes: decaying, serpentine, slimy, silver, obsidian, bone, abyssal
a: Breathe Dispelling Energy, Renounce Religion, Evoke Blink, Divine Shield,
Cleansing Flame, Summon Divine Warrior


You were on level 7 of Cocytus.
You worshipped the Shining One.
The Shining One was exalted by your worship.
You visited 15 branches of the dungeon, and saw 75 of its levels.
You visited the Abyss 1 time.
You visited 1 bazaar.
You also visited: Sewer.

You collected 11886 gold pieces.
You spent 6329 gold pieces at shops.

Inventory:

Hand Weapons
 v - a +9 eveningstar of electrocution
 U - a +9 sacred scourge of holy wrath (weapon)
Missiles
 d - 72 poisoned darts
 k - 58 boomerangs
 K - 2 curare-tipped darts
Armour
 q - a +0 cloak of preservation (worn)
 F - a +3 buckler of reflection (worn)
 O - a +1 pair of boots (worn)
 P - a +2 hat of intelligence (worn)
 Q - the +2 pair of gloves of Festooned Joy (worn) {Fly rElec Dex+2 Stlth+}
   (You found it on level 1 of the Depths)

   Dex:       It affects your dexterity (+2).
   rElec:     It insulates you from electricity.
   Fly:       It grants you flight.
   Stlth:     It makes you more stealthy.
Jewellery
 l - the ring of Springtime {rPois rF++ Int+4 Dex+2 Slay-2}
   (You bought it in a shop on level 2 of the Orcish Mines)

   [ring of poison resistance]

   Int:       It affects your intelligence (+4).
   Dex:       It affects your dexterity (+2).
   Slay:      It affects your accuracy & damage with ranged weapons and melee
   (-2).
   rF:        It greatly protects you from fire.
   rPois:     It protects you from poison.
 C - the ring of the Moon (right hand) {Wiz rC+ Int+3 Slay+2}
   (You took it off a boggart on level 1 of the Depths)

   [ring of wizardry]

   It improves your spell success rate.
   Int:       It affects your intelligence (+3).
   Slay:      It affects your accuracy & damage with ranged weapons and melee
   (+2).
   rC:        It protects you from cold.
 D - the ring of the Iron Devil (left hand) {+Blink rC++ rN+ Dex+3}
   (You found it on level 3 of the Crypt)

   [ring of positive energy]

   Dex:       It affects your dexterity (+3).
   rC:        It greatly protects you from cold.
   rN:        It protects you from negative energy.
   +Blink:    It lets you blink.
 J - the amulet of Vitality (around neck) {Regen+ HP+15}
   (You found it on level 2 of the Snake Pit)

   [amulet of regeneration]

   HP:        It affects your health (+15).
   Regen:     It increases your rate of health regeneration.
Wands
 i - a wand of digging (22)
 j - a wand of acid (15)
 n - a wand of flame (85)
 r - a wand of charming (10)
 t - a wand of polymorph (17)
Scrolls
 b - 15 scrolls of teleportation
 c - 3 scrolls of magic mapping
 g - 7 scrolls of immolation
 s - 9 scrolls of vulnerability
 x - 3 scrolls of fear
 M - 4 scrolls of summoning
 N - 5 scrolls of silence
 T - 2 scrolls of fog
Potions
 a - 2 potions of brilliance
 e - 3 potions of resistance
 f - 14 potions of lignification
 h - 13 potions of curing
 m - a potion of haste
 u - 4 potions of magic
 w - 3 potions of ambrosia
 G - 7 potions of might
 W - 7 potions of berserk rage
Miscellaneous
 o - a phantom mirror
 z - a lightning rod (4/4)
 V - a tin of tremorstones (1/2)
 X - a box of beasts


   Skills:
 * Level 26.1 Fighting
 + Level 3.1 Short Blades
 + Level 14.2 Maces & Flails
 + Level 11.2 Throwing
 + Level 15.2 Dodging
 + Level 5.1 Stealth
 + Level 14.0 Shields
 + Level 26.3 Spellcasting
 + Level 20.4 Conjurations
 + Level 0.9 Summonings
 + Level 8.3 Translocations
 + Level 2.0 Transmutations
 + Level 0.4 Ice Magic
 + Level 9.1 Air Magic
 + Level 18.5 Earth Magic
 + Level 3.4 Poison Magic
 + Level 10.3 Invocations
 + Level 11.1 Evocations


You had 6 spell levels left.
You knew the following spells:

 Your Spells              Type           Power      Damage    Failure   Level
a - Magic Dart            Conj           100%       1d8       0%          1
b - Searing Ray           Conj           100%       3d7       0%          2
c - Iskenderun's Mystic   Conj/Tloc      100%       2d19      0%          4
d - Mephitic Cloud        Conj/Pois/Air  100%       N/A       0%          3
e - Lightning Bolt        Conj/Air       60%        1d83      1%          5
f - Lee's Rapid Deconstr  Erth           65%        3d31*     0%          5
g - Iskenderun's Battles  Conj           100%       2d15      0%          5
h - Iron Shot             Conj/Erth      66%        9d12      1%          6
i - Passwall              Tmut/Erth      89%        N/A       0%          2
j - Freezing Cloud        Conj/Ice/Air   53%        6-21      1%          5
k - Slow                  Hex            61%        N/A       1%          2
l - Petrify               Tmut/Erth      100%       N/A       1%          4
m - Blink                 Tloc           N/A        N/A       1%          2
n - Swiftness             Air            100%       N/A       1%          3
o - Poisonous Vapours     Pois/Air       100%       N/A       1%          2
p - Spellforged Servitor  Conj/Summ      54%        N/A       2%          7
q - Statue Form           Tmut/Erth      71%        N/A       1%          6
r - Lehudib's Crystal Sp  Conj/Erth      66%        10d15     1%          8

Your spell library contained the following spells:

 Spells                   Type           Power      Damage    Failure   Level
 Foxfire                  Conj/Fire      100%       2x1d9     0%          1
 Sandblast                Erth           100%       2d20      0%          1
 Shock                    Conj/Air       100%       1d9       0%          1
 Static Discharge         Conj/Air       100%       N/A       0%          2
 Conjure Flame            Conj/Fire      100%       6-21      0%          3
 Dazzling Flash           Conj/Hex       100%       N/A       0%          3
 Stone Arrow              Conj/Erth      100%       3d13      0%          3
 Beastly Appendage        Tmut           100%       N/A       1%          1
 Sting                    Tmut/Pois      100%       1d8       1%          1
 Summon Small Mammal      Summ           100%       N/A       1%          1
 Call Imp                 Summ           67%        N/A       1%          2
 Corpse Rot               Necr/Air       N/A        N/A       1%          2
 Sublimation of Blood     Necr           30%        N/A       1%          2
 Wereblood                Tmut           73%        N/A       1%          2
 Call Canine Familiar     Summ           67%        N/A       1%          3
 Confusing Touch          Hex            61%        N/A       1%          3
 Frozen Ramparts          Ice            100%       1d12      1%          3
 Gell's Gravitas          Tloc           50%        N/A       1%          3
 Ignite Poison            Fire/Tmut/Pois 72%        N/A       1%          3
 Inner Flame              Hex/Fire       61%        N/A       1%          3
 Lesser Beckoning         Tloc           50%        N/A       1%          3
 Ozocubu's Armour         Ice            64%        N/A       1%          3
 Portal Projectile        Hex/Tloc       100%       N/A       1%          3
 Spider Form              Tmut/Pois      38%        N/A       1%          3
 Summon Guardian Golem    Hex/Summ       64%        N/A       1%          3
 Teleport Other           Tloc           100%       N/A       1%          3
 Vampiric Draining        Necr           30%        2d10      1%          3
 Airstrike                Air            51%        N/A       1%          4
 Cause Fear               Hex            30%        N/A       1%          4
 Dispel Undead            Necr           61%        3d21      1%          4
 Fulminant Prism          Conj/Hex       53%        3d23      1%          4
 Hailstorm                Conj/Ice       100%       3d20      1%          4
 Ice Form                 Ice/Tmut       68%        N/A       1%          4
 Leda's Liquefaction      Hex/Erth       52%        N/A       1%          4
 Olgreb's Toxic Radiance  Pois           80%        N/A       1%          4
 Sticky Flame             Conj/Fire      100%       2d11      1%          4
 Summon Ice Beast         Ice/Summ       65%        N/A       1%          4
 Summon Lightning Spire   Summ/Air       87%        N/A       1%          4
 Bolt of Magma            Conj/Fire/Erth 57%        4d23      1%          5
 Irradiate                Conj/Tmut      55%        3d31      1%          5
 Conjure Ball Lightning   Conj/Air       60%        3x3d22    1%          6
 Starburst                Conj/Fire      53%        6d14      1%          6
 Blade Hands              Tmut           36%        N/A       2%          5
 Yara's Violent Unravell  Hex/Tmut       33%        3d14      3%          5
 Summon Mana Viper        Hex/Summ       64%        N/A       4%          5
 Metabolic Englaciation   Hex/Ice        31%        N/A       5%          5
 Simulacrum               Ice/Necr       31%        N/A       26%         6
 Death Channel            Necr           30%        N/A       28%         6
 Orb of Destruction       Conj           67%        9d18      1%          7
 Shatter                  Erth           65%        3d48*     11%         9
 Storm Form               Tmut/Air       45%        N/A       16%         7
 Malign Gateway           Summ/Tloc      42%        N/A       26%         7
 Maxwell's Capacitive Co  Air            51%        ∞         30%         8
 Chain Lightning          Conj/Air       60%        3d80      41%         9
 Dragon Form              Tmut           36%        N/A       56%         7
 Monstrous Menagerie      Summ           33%        N/A       71%         7
 Haunt                    Necr/Summ      32%        N/A       77%         7
 Ozocubu's Refrigeration  Ice            32%        4d11      77%         7
 Fire Storm               Conj/Fire      53%        8d14      95%         9
 Borgnjor's Revivificati  Necr           30%        N/A       100%        8
 Discord                  Hex            30%        N/A       100%        8
 Ignition                 Fire           30%        3d10      100%        8
 Necromutation            Tmut/Necr      33%        N/A       100%        8
 Summon Horrible Things   Summ           33%        N/A       100%        8
 Death's Door             Necr           30%        N/A       100%        9
 Dragon's Call            Summ           33%        N/A       100%        9
 Animate Armour           Summ/Erth      Unusable   N/A       N/A         4

Dungeon Overview and Level Annotations

Branches:
Dungeon (15/15)            Temple (1/1) D:6            Lair (6/6) D:10
  Swamp (4/4) Lair:4        Snake (4/4) Lair:3        Slime (5/5) Lair:6
    Orc (2/2) D:9             Elf (3/3) Orc:2        Vaults (5/5) D:13
  Crypt (3/3) Vaults:3       Tomb (0/3) Crypt:3      Depths (5/5) D:15
   Hell (visited)             Dis (0/7) Hell            Geh (7/7) Hell
    Coc (7/7) Hell            Tar (7/7) Hell          Sewer (visited)
    Zot: Depths:5

Altars:
Ashenzari
Cheibriados
Dithmenos
Elyvilon
Fedhas
Gozag
Hepliaklqana
Kikubaaqudgha
Makhleb
Nemelex Xobeh
Okawaru
Qazlal
Ru
Sif Muna
Trog
Uskayaw
Vehumet
Wu Jian
Xom
Yredelemnul
Zin
The Shining One
Beogh
Jiyva

Shops:
D:6 ?   D:14 *   Orc:2 [(=(   Elf:1 :(:=:   Elf:2 ?=(   Snake:2 [*   Vaults:2 *
Depths:1 [   Depths:3 [

Portals:
Hell: Depths:1 Depths:2 Depths:3 Depths:4
Abyss: Depths:1 Depths:4
Pandemonium: Depths:3 Depths:5
Ziggurat: Depths:5

Annotations:
Coc:7 Antaeus


Innate Abilities, Weirdness & Mutations

You can breathe bolts of dispelling energy.
Your rich purple scales are hard. (AC +13)
You cannot fit into any form of body armour.
You are cold-blooded and may be slowed by cold attacks.
You have large cloven feet.
You are clumsy. (Dex -2)


Message History

Aiming: Lehudib's Crystal Spear (mildly dangerous; 1% risk of failure)
Press: ? - help, Q - select action, (/) - cycle Shift-Dir - straight line, f/p - Antaeus
Aim: Antaeus, wielding the +1 rapier of Hagony {flame, *Corrode Will+ Dex+4} and wearing a +4 ring of protection (heavily wounded, ally target, haloed, 97% to hit)
You feel a surge of power!
The crystal spear hits Antaeus!!!!
Antaeus is severely wounded.
The ice encasing you melts away.
Your daeva calls down the wrath of the Shining One upon Antaeus.
Antaeus is smitten.
Aiming: Lehudib's Crystal Spear (mildly dangerous; 1% risk of failure)
Press: ? - help, Q - select action, (/) - cycle Shift-Dir - straight line, f/p - Antaeus
Aim: Antaeus, wielding the +1 rapier of Hagony {flame, *Corrode Will+ Dex+4} and wearing a +4 ring of protection (severely wounded, ally target, haloed, 97% to hit)
You feel a surge of power!
Really fire in your ally the daeva's direction?
This attack would place you under penance!
Okay, then.
Antaeus hits you with the +1 rapier of Hagony {flame, *Corrode Will+ Dex+4}!!
* * * LOW HITPOINT WARNING * * *
Antaeus freezes you. You resist.
* * * LOW HITPOINT WARNING * * *
Antaeus burns you!
* * * LOW HITPOINT WARNING * * *
Antaeus hits you with the +1 rapier of Hagony {flame, *Corrode Will+ Dex+4}!
* * * LOW HITPOINT WARNING * * *
Antaeus freezes you! You resist.
* * * LOW HITPOINT WARNING * * *
Antaeus burns you.
* * * LOW HITPOINT WARNING * * *
Your spellforged servitor gestures at Antaeus while chanting.
The crystal spear hits Antaeus!!
Your daeva hits Antaeus but does no damage.
Your daeva hits Antaeus with a +3 eudemon blade of holy wrath!
Antaeus convulses!
Aiming: Lehudib's Crystal Spear (mildly dangerous; 1% risk of failure)
Press: ? - help, Q - select action, (/) - cycle Shift-Dir - straight line, f/p - Antaeus
Aim: Antaeus, wielding the +1 rapier of Hagony {flame, *Corrode Will+ Dex+4} and wearing a +4 ring of protection (severely wounded, ally target, haloed, 97% to hit)
You feel a surge of power!
The crystal spear hits Antaeus!!!
Antaeus is severely wounded.
Antaeus hits you with the +1 rapier of Hagony {flame, *Corrode Will+ Dex+4}!
* * * LOW HITPOINT WARNING * * *
Antaeus freezes you! You resist.
You die...

≈≈≈≈≈≈≈#####≈≈≈≈≈.....≈≈≈≈####
≈≈≈≈≈≈######≈≈≈≈.........≈≈###
≈≈≈≈≈≈######≈≈≈.....†.)...≈≈##
≈≈≈≈≈≈######≈≈≈...........≈≈##
≈≈≈≈≈≈######≈≈....#####....≈≈#
≈≈≈≈≈≈######≈≈...##,,,*#...^≈#
≈≈≈≈≈≈######≈....#,,,,,*....≈#
≈≈≈≈≈≈######≈....#,,,,,*....≈#
≈≈≈≈≈≈######≈@).^#,,,,,*,...≈#
≈≈≈≈≈≈######≈.CA.##,,,**,...≈#
≈≈≈≈≈≈######≈.....#*+**,,,,,≈*
≈≈≈≈≈≈######≈≈8.......,,,,,≈≈*
≈≈≈≈≈≈######≈≈≈.......,,,,≈≈≈*
≈≈≈≈≈≈######≈≈≈≈......,,,≈≈≈≈*
≈≈≈≈≈≈######≈≈≈≈≈.....,≈≈≈≈≈≈*
≈≈≈≈≈≈######≈≈≈≈≈≈≈...≈≈≈≈≈≈≈*
≈≈≈≈≈≈######≈≈≈≈≈≈≈≈≈≈≈≈≈≈≈≈≈*


You could see Antaeus (ally target), a friendly daeva (summoned) and a friendly
spellforged servitor (summoned).

Vanquished Creatures
  Dissolution (Slime:2)
  the Royal Jelly (Slime:5)
  the Serpent of Hell (Coc:7)
  2 dread liches
  2 ancient liches
  2 juggernauts (Depths:4)
  The ghost of xzight the Conqueror, a legendary MiBe of Trog (Depths:1)
  Boris (Crypt:1)
  2 shard shrikes (Coc:5)
  2 caustic shrikes
  4 golden dragons
  Geryon (Hell)
  Saint Roka (Vaults:2)
  The ghost of Ziepidavo the Bludgeoner, a veteran FoFi of Cheibriados (Vaults:2)
  Nikola (Swamp:1)
  Jory (Depths:4)
  6 bone dragons
  12 Tzitzimimeh
  3 doom hounds
  2 hellephants
  6 Ice Fiends
  A Hell Sentinel (Tar:6)
  10 Brimstone Fiends
  8 tentacled monstrosities
  20 liches
  5 deep elf blademasters
  6 titans
  26 acid blobs
  2 deep elf master archers (Elf:3)
  A quicksilver dragon (Depths:2)
  4 ancient champions
  The ghost of Leforghes the Severer, an adept DsBe of Trog (Swamp:3)
  6 tentacled starspawn (Abyss:3)
  11 tengu reavers
  4 storm dragons
  Kirke (Swamp:4)
  6 sphinxes
  A sphinx (shapeshifter) (Depths:5)
  Donald (Elf:2)
  12 shadow dragons
  8 rockslimes
  A thorn hunter (Swamp:2)
  A fenstrider witch (Swamp:3)
  5 nagarajas
  13 azure jellies
  9 frost giants
  A revenant (Crypt:2)
  6 deep elf sorcerers
  6 fire giants
  4 orc warlords
  19 vault wardens
  Aizul (Swamp:3)
  6 balrugs
  A cacodemon (Abyss:3)
  4 iron dragons
  3 curse skulls
  A ghost moth (shapeshifter) (D:15)
  A caustic shrike zombie (Hell)
  3 deep elf elementalists
  31 reapers
  A ghoul (Crypt:2)
  24 stone giants
  5 quicksilver oozes
  17 ironbound preservers
  3 spriggan defenders
  An ophan (Abyss:3)
  2 quicksilver oozes (shapeshifter)
  A war gargoyle (Hell)
  26 very ugly things
  7 vampire knights
  4 elemental wellsprings
  Nessos (Lair:6)
  8 deep elf demonologists
  5 spark wasps
  5 bunyips
  7 deep elf annihilators
  6 dire elephants
  7 blizzard demons
  6 eidola
  7 ettins
  6 crystal guardians
  An eleionoma (Swamp:1)
  8 deep elf death magi
  2 quicksilver dragon zombies
  A mummy priest (Crypt:3)
  A merfolk javelineer (Depths:3)
  4 shambling mangroves
  2 green deaths
  A spectral kraken (Tar:7)
  8 deep elf high priests
  7 jiangshi
  The ghost of Fesmapux the Cleaver, a journeyman MiBe of Trog (Lair:1)
  4 ironbound thunderhulks
  7 fire dragons
  8 yaktaur captains
  The ghost of Cykl0x the Carver, a journeyman MiFi of the Shining One (D:11)
  31 hydras
  22 ice dragons
  17 great orbs of eyes
  38 vault guards
  Harold (D:7)
  3 salamander tyrants
  5 rakshasas
  4 peacekeepers
  4 quicksilver dragon skeletons
  16 naga warriors
  2 catoblepae
  5 boulder beetles
  A hell beast (Hell)
  2 spriggan air magi (Depths:2)
  4 centaur warriors
  6 ironbound frosthearts
  An ogre mage (Vaults:5)
  8 anacondas
  5 alligators
  2 kraken zombies
  4 ghost crabs
  22 dancing weapons
  3 death knights
  12 deep troll shamans
  28 hell hogs
  10 deep troll earth magi
  6 two-headed ogres
  A titan zombie (Geh:5)
  6 vampire magi
  8 tengu warriors
  3 ironbound beastmasters
  6 thrashing horrors (Abyss:3)
  6 spriggan berserkers
  4 orc high priests (Orc:2)
  17 naga sharpshooters
  6 shock serpents
  6 storm dragon zombies
  3 titan skeletons
  23 hell knights
  12 sun demons
  47 skeletal warriors
  14 deep elf knights
  An iron golem (Geh:5)
  8 wretched stars
  A shadow wraith (Crypt:1)
  22 soul eaters
  The ghost of DearestLeader the Nimble, a novice GnGl of Okawaru (D:7)
  A fire crab (Lair:6)
  7 iron trolls
  5 storm dragon skeletons
  A spatial maelstrom (Abyss:3)
  8 goliath frogs
  3 sixfirhies
  A golden dragon zombie (Coc:4)
  4 spark wasp zombies (Hell)
  A death drake (Tar:7)
  18 shadow demons
  3 spriggan druids
  2 salamander mystics (Snake:4)
  7 anaconda zombies
  65 deep trolls
  8 bog bodies
  5 golden dragon skeletons
  An obsidian statue (Vaults:2)
  12 swamp dragons
  11 deep elf archers
  5 naga ritualists (Snake:4)
  5 glowing orange brains
  6 anaconda skeletons
  8 flayed ghosts
  A harpy (shapeshifter) (D:14)
  15 wizards
  An orange crystal statue (Vaults:4)
  21 ironbound convokers
  12 orc knights
  19 phantasmal warriors
  2 tengu zombies
  6 shadow dragon zombies
  A wolf spider zombie (Geh:5)
  Pikel (D:4)
  3 tengu skeletons
  21 necromancers
  7 shadow dragon skeletons
  21 deep elf zephyrmancers
  A wolf spider (Vaults:5)
  10 hornets
  25 deep elf pyromancers
  6 stone giant zombies
  8 iron dragon zombies
  36 ugly things
  8 frost giant zombies
  A wolf spider (shapeshifter) (Depths:3)
  3 fire giant zombies
  3 mana vipers
  18 salamanders
  4 manticores
  3 shining eyes
  5 oklob plants
  4 orc sorcerers
  3 cyclopes
  4 shock serpent zombies
  2 human skeletons
  A moth of wrath (Swamp:3)
  3 worldbinders (Abyss:3)
  11 starcursed masses (Abyss:3)
  16 naga magi
  7 frost giant skeletons
  33 black mambas
  A spriggan zombie (Hell)
  An apocalypse crab (Abyss:3)
  3 guardian serpents
  3 dire elephant zombies
  6 stone giant skeletons
  Joseph (D:7)
  23 vault sentinels
  19 molten gargoyles
  15 smoke demons
  2 spectral swamp worms (Tar:7)
  8 fire giant skeletons
  An ice statue (Coc:7)
  3 gargoyles
  7 cane toads
  2 torpor snails (Lair:6)
  A dire elephant skeleton (Crypt:3)
  A torpor snail (shapeshifter) (Vaults:5)
  4 orange demons (Abyss:3)
  15 hellions
  6 rime drakes
  A green draconian zombie (Geh:7)
  Maggie (D:6)
  2 kobold demonologists (D:13)
  2 shock serpent skeletons
  9 efreet
  An emperor scorpion zombie (Crypt:3)
  25 freezing wraiths
  8 tengu conjurers
  12 ice devils
  10 komodo dragons
  2 catoblepas skeletons
  15 hellwings
  A swamp worm zombie (Crypt:1)
  21 yaktaurs
  A queen bee (D:11)
  A yaktaur skeleton (Vaults:2)
  3 harpy zombies
  19 tormentors
  A sea snake skeleton (Hell)
  2 silent spectres
  6 ancient zymes
  9 tyrant leeches
  18 red devils
  2 guardian mummies
  A jumping spider (D:15)
  A bloated husk (Swamp:3)
  5 polar bears
  5 trolls
  6 hydra zombies
  18 blink frogs
  A death drake zombie (Crypt:2)
  3 harpy skeletons
  A sphinx simulacrum (Depths:2)
  8 hydra skeletons
  97 slime creatures
  2 deep troll zombies (Hell)
  A dream sheep (shapeshifter) (Elf:2)
  13 dream sheep
  9 ettin zombies
  A fire giant simulacrum (Vaults:2)
  3 raiju (Abyss:3)
  5 fire dragon zombies
  2 spriggans (shapeshifter)
  6 alligator zombies
  6 air elementals
  67 flying skulls
  2 ynoxinuls
  2 fire dragon skeletons
  A black mamba zombie (Crypt:3)
  3 ice dragon zombies
  23 wraiths
  A redback (D:15)
  3 alligator skeletons (Coc:7)
  14 shadows
  An ushabti (Crypt:3)
  2 ice dragon skeletons
  8 spriggans
  7 small abominations
  7 vampires
  7 ettin skeletons
  18 wyverns
  4 fire bats (Abyss:3)
  11 water elementals
  38 yaks
  A black mamba skeleton (Crypt:3)
  26 fire elementals
  6 hogs
  A hog (shapeshifter) (Elf:1)
  6 golden eyes (Slime:3)
  A fire bat (shapeshifter) (Vaults:4)
  4 steam dragons
  The ghost of Jango the Slasher, an amateur HuBe of Trog (D:3)
  A basilisk (shapeshifter) (Abyss:3)
  11 basilisks
  3 neqoxecs (Abyss:3)
  19 vampire mosquitoes
  7 chaos spawn
  A harpy simulacrum (Coc:7)
  8 wargs
  38 nagas
  A glowing shapeshifter zombie (Crypt:2)
  4 human zombies
  2 acid dragons
  A hydra simulacrum (Hell)
  14 swamp worms
  A two-headed ogre zombie (Crypt:1)
  17 water moccasins
  2 ogre skeletons
  Duvessa (D:6)
  3 floating eyes
  14 large abominations
  25 hell hounds
  5 cane toad zombies
  2 alligator simulacra
  2 sky beasts (D:6)
  10 swamp drakes (Swamp:4)
  28 orc warriors
  A snapping turtle zombie (Crypt:3)
  2 manticore zombies
  A hornet zombie (D:6)
  A merfolk skeleton (Geh:3)
  A cane toad skeleton (Coc:3)
  3 black bears
  9 ogres
  4 boggarts
  An ettin simulacrum (Depths:2)
  3 ice beasts
  4 manticore skeletons
  22 necrophages
  4 centaurs
  4 snapping turtle skeletons
  7 wolves
  3 phantoms
  7 kobold brigands
  16 bullfrogs
  2 gnoll sergeants
  A human simulacrum (Depths:2)
  A cane toad simulacrum (Coc:7)
  An elf skeleton (Geh:7)
  3 scorpions
  A palentonga skeleton (Crypt:2)
  3 wyvern zombies
  4 earth elementals
  A salamander skeleton (Crypt:2)
  12 wyvern skeletons (Crypt:3)
  Dowan (D:6)
  16 killer bees
  37 wights
  An electric eel (Lair:2)
  2 howler monkeys (D:9)
  A crimson imp (Geh:7)
  A wolf skeleton (Crypt:1)
  7 centaur zombies
  5 lava snakes (Lair:6)
  2 quasits
  4 jellies
  Crazy Yiuf (D:7)
  A basilisk skeleton (Crypt:1)
  A bullfrog zombie (D:6)
  24 orc priests
  A bullfrog skeleton (D:3)
  5 centaur skeletons
  Natasha (thrice) (D:2)
  A gnoll shaman (D:8)
  3 iguanas
  A scorpion zombie (D:5)
  4 hell rats (Lair:4)
  24 orc wizards
  A killer bee zombie (D:3)
  2 ogre zombies
  A hound zombie (Crypt:1)
  A naga skeleton (Tar:7)
  An acid dragon skeleton (Crypt:1)
  A hound skeleton (D:4)
  8 mummies
  A howler monkey zombie (D:9)
  Robin (D:2)
  20 gnolls
  12 adders
  8 shadow imps
  12 white imps
  An ufetubus (Abyss:3)
  2 adder skeletons
  2 worms (D:4)
  3 dart slugs
  78 orcs
  21 endoplasms
  22 giant cockroaches
  A gnoll zombie (Crypt:2)
  19 goblins
  10 hobgoblins
  3 jackals (D:1)
  10 quokkas
  17 ball pythons
  3 bats
  A dart slug zombie (Crypt:2)
  8 frilled lizards
  A frilled lizard zombie (Crypt:2)
  21 kobolds
  A kobold simulacrum (Abyss:3)
  A kobold zombie (Tar:3)
  An orc skeleton (Geh:5)
  An orc zombie (Crypt:2)
  4 rats
  A rat skeleton (Crypt:1)
  4 starspawn tentacles (Abyss:3)
  5 tentacles
3049 creatures vanquished.

Vanquished Creatures (collateral kills)
  Asmodeus (Geh:7)
  Ereshkigal (Tar:7)
  A juggernaut (Depths:4)
  3 shard shrikes
  Bai Suzhen (Vaults:2)
  A doom hound (Tar:7)
  6 Tzitzimimeh (Tar:7)
  2 Brimstone Fiends (Geh:7)
  4 bone dragons
  A hellephant (Tar:7)
  2 Ice Fiends (Coc:7)
  A deep elf master archer (Elf:3)
  An acid blob (Slime:5)
  2 shadow dragons
  A deep elf sorcerer (Elf:3)
  A vault warden (Vaults:5)
  4 balrugs (Geh:7)
  A frost giant (Coc:7)
  An ironbound preserver (Vaults:2)
  17 reapers
  A stone giant (Depths:3)
  A deep elf annihilator (Elf:3)
  An eidolon (Crypt:3)
  A quicksilver dragon zombie (Geh:7)
  2 blizzard demons (Coc:7)
  2 ettins
  9 ice dragons
  2 quicksilver dragon skeletons
  A hydra (Lair:4)
  A vault guard (Vaults:4)
  An ogre mage (D:14)
  A two-headed ogre (D:14)
  An ironbound frostheart (Vaults:3)
  3 hell hogs (Geh:7)
  2 titan zombies (Geh:7)
  11 soul eaters (Tar:7)
  2 sun demons (Geh:3)
  A deep elf knight (Elf:2)
  5 hell knights
  8 shadow demons (Tar:7)
  14 skeletal warriors
  A ghost moth zombie (Tar:7)
  A golden dragon zombie (Geh:7)
  2 deep trolls
  An anaconda zombie (Coc:7)
  A golden dragon skeleton (Coc:6)
  A kraken simulacrum (Coc:5)
  2 phantasmal warriors
  4 bog bodies (Coc:7)
  An orc sorcerer (Orc:2)
  3 anaconda skeletons
  2 frost giant zombies
  2 fire giant zombies
  4 stone giant zombies
  2 ugly things
  2 necromancers (Geh:7)
  2 iron dragon zombies (Geh:7)
  3 stone giant skeletons
  A smoke demon (Geh:7)
  4 molten gargoyles (Geh:7)
  A shock serpent zombie (Coc:6)
  A dire elephant zombie (Coc:7)
  7 spectral swamp worms (Tar:7)
  A cane toad (Lair:4)
  A hellion (Geh:3)
  A white draconian zombie (Geh:7)
  2 emperor scorpion zombies
  11 freezing wraiths
  13 ice devils
  A catoblepas skeleton (Tar:7)
  4 red devils
  5 hydra zombies
  2 hornets (Lair:4)
  A hydra skeleton (Geh:7)
  An alligator zombie (Coc:6)
  4 ettin skeletons
  16 flying skulls
  3 ice dragon zombies
  2 shadows (Tar:7)
  2 alligator skeletons
  6 wraiths
  A basilisk (Lair:4)
  5 fire elementals
  5 water elementals
  2 yaks (Lair:2)
  A chaos spawn (Abyss:3)
  A swamp worm (Lair:4)
  A water moccasin (Lair:2)
  A hell hound (Geh:7)
  4 cane toad zombies
  7 orc warriors
  7 necrophages
  An ogre (Vaults:5)
  A manticore skeleton (Geh:7)
  A wight (Geh:3)
  An orc priest (Orc:2)
  An orc wizard (Orc:2)
  A naga skeleton (Geh:7)
  A mummy (Coc:6)
  2 shadow imps (Tar:7)
  A white imp (Coc:7)
  A tentacle (Coc:5)
292 creatures vanquished.

Vanquished Creatures (others)
  An eldritch tentacle (Depths:1)
  A rakshasa (Depths:1)
  3 two-headed ogres (D:14)
  2 hell hogs
  A shadow dragon zombie (Crypt:3)
  A stone giant zombie (Crypt:3)
  A rime drake (Lair:4)
  A bloated husk (Swamp:1)
  A basilisk (Lair:4)
  3 hornets (Swamp:2)
  2 golden eyes (Abyss:3)
  2 spriggans (Swamp:2)
  A swamp worm (Swamp:1)
  An orc warrior (D:15)
  A black bear (D:10)
  A swamp drake (Swamp:1)
  A swamp dragon zombie (Geh:7)
  A wight (D:9)
  48 fungi
  82 plants
  20 starspawn tentacles (Abyss:3)
  14 tentacles
  29 withered plants (Crypt:3)
218 creatures vanquished.

Grand Total: 3559 creatures vanquished

Notes
Turn   | Place    | Note
-------+----------+-------------------------------------------
     0 | D:1      | Elvor the Draconian Conjurer began the quest for the Orb.
     0 | D:1      | Reached XP level 1. HP: 14/14 MP: 3/3
   314 | D:1      | Reached XP level 2. HP: 22/22 MP: 0/5
   317 | D:1      | Learned a level 2 spell: Searing Ray
   815 | D:2      | Noticed Robin
   933 | D:2      | Reached XP level 3. HP: 21/27 MP: 1/6
   934 | D:2      | Reached skill level 1 in Fighting
   950 | D:2      | Found a faded altar of an unknown god.
  1243 | D:2      | Noticed Natasha
  1246 | D:2      | Killed Natasha
  1247 | D:2      | Reached XP level 4. HP: 28/35 MP: 2/7
  1415 | D:2      | Noticed Natasha
  1421 | D:2      | Killed Natasha
  1422 | D:2      | Reached skill level 5 in Conjurations
  1427 | D:2      | Noticed Natasha
  1438 | D:2      | Killed Natasha
  1583 | D:2      | Reached XP level 5. HP: 36/41 MP: 4/8
  1774 | D:2      | Killed Robin
  2002 | D:3      | Reached skill level 1 in Short Blades
  2145 | D:3      | Found a runed translucent gate.
  2145 | D:3      | Found a runed translucent gate.
  2145 | D:3      | Found a runed translucent gate.
  2244 | D:3      | Noticed Jango's ghost (amateur HuBe)
  2613 | D:4      | Found a glowing drain.
  2641 | Sewer    | Entered a sewer
  2702 | Sewer    | Reached XP level 6. HP: 50/50 MP: 4/10
  3578 | D:4      | Found a shadowy altar of Dithmenos.
  3813 | D:4      | Noticed Pikel
  3821 | D:4      | Killed Pikel
  3822 | D:4      | Your scales start taking on a rich purple colour.
  3822 | D:4      | Reached skill level 5 in Spellcasting
  3822 | D:4      | Reached XP level 7. HP: 50/59 MP: 2/15
  4318 | D:5      | Entered Level 5 of the Dungeon
  4322 | D:5      | Reached XP level 8. HP: 66/66 MP: 11/16
  4679 | D:5      | Learned a level 4 spell: Iskenderun's Mystic Blast
  4683 | D:5      | Learned a level 3 spell: Mephitic Cloud
  4689 | D:5      | Learned a level 5 spell: Lightning Bolt
  5145 | D:6      | Reached skill level 5 in Fighting
  5145 | D:6      | Reached skill level 1 in Maces & Flails
  5145 | D:6      | Reached skill level 1 in Throwing
  5276 | D:6      | Found Itheri's Magic Scroll Shop.
  5284 | D:6      | Bought a scroll of fear for 45 gold pieces
  5284 | D:6      | Bought a scroll of noise for 13 gold pieces
  5284 | D:6      | Bought a scroll of identify for 26 gold pieces
  5284 | D:6      | Bought a scroll of identify for 26 gold pieces
  5284 | D:6      | Bought a scroll of identify for 26 gold pieces
  5284 | D:6      | Bought a scroll of identify for 26 gold pieces
  5289 | D:6      | Bought a scroll of amnesia for 45 gold pieces
  5338 | D:6      | Noticed Maggie
  5351 | D:6      | Killed Maggie
  5352 | D:6      | Reached XP level 9. HP: 74/74 MP: 9/19
  5498 | D:6      | Found a staircase to the Ecumenical Temple.
  5511 | Temple   | Entered the Ecumenical Temple
  5613 | Temple   | Became a worshipper of the Shining One
  5792 | D:6      | Reached skill level 1 in Evocations
  5798 | D:6      | Noticed Duvessa
  5798 | D:6      | Noticed Dowan
  5830 | D:6      | Killed Dowan
  5832 | D:6      | Killed Duvessa
  6020 | D:6      | Noticed a green ugly thing
  6042 | D:6      | Killed a green ugly thing
  6226 | D:6      | Bought a scroll of fear for 45 gold pieces
  6226 | D:6      | Bought a scroll of fog for 26 gold pieces
  6336 | D:7      | Noticed Harold
  6360 | D:7      | Killed Harold
  6581 | D:7      | Found a runed translucent door.
  6582 | D:7      | Noticed Crazy Yiuf
  6588 | D:7      | Killed Crazy Yiuf
  6639 | D:7      | Reached XP level 10. HP: 84/84 MP: 15/21
  6927 | D:7      | Found a runed translucent door.
  6930 | D:7      | Found a shimmering altar of Xom.
  6930 | D:7      | Noticed DearestLeader's ghost (novice GnGl)
  6930 | D:7      | Reached * piety under the Shining One
  6930 | D:7      | Noticed a +2 spear of chaos
  6978 | D:7      | Noticed Joseph
  7005 | D:7      | Killed Joseph
  7006 | D:7      | Reached skill level 1 in Translocations
  7293 | D:3      | Killed Jango's ghost
  7498 | D:8      | Got Sif Muna's Handbook of Cold and Shape Shifting
  7573 | D:8      | Found a sparkling altar of Nemelex Xobeh.
  7573 | D:8      | Found a broken altar of Ashenzari.
  7573 | D:8      | Found a blossoming altar of Fedhas.
  7748 | D:8      | Identified the +3 spear of Checks and Balances {vamp, rPois
                  | rF++ rC+ Stlth-}
  7759 | D:8      | Identified the +1 robe "Mobej" {rElec}
  7993 | D:9      | Found an ornate altar of the Wu Jian Council.
  8048 | D:9      | Found a shimmering altar of Xom.
  8311 | D:9      | Noticed a two-headed ogre
  8322 | D:9      | Killed a two-headed ogre
  8326 | D:9      | Found a staircase to the Orcish Mines.
  8326 | D:9      | Noticed a cyan ugly thing
  8347 | D:9      | Killed a cyan ugly thing
  8348 | D:9      | Reached skill level 1 in Air Magic
  8353 | D:9      | Reached ** piety under the Shining One
  8716 | D:9      | Reached XP level 11. HP: 94/94 MP: 16/24
  8970 | D:10     | Entered Level 10 of the Dungeon
  9015 | D:10     | Found a snail-covered altar of Cheibriados.
  9094 | D:10     | Found a shimmering blue altar of Sif Muna.
  9220 | D:10     | Found a basalt altar of Yredelemnul.
  9506 | D:10     | Found a staircase to the Lair.
  9683 | D:11     | Noticed a two-headed ogre
  9683 | D:11     | Reached *** piety under the Shining One
  9692 | D:11     | Killed a two-headed ogre
  9745 | D:11     | Found a transporter.
  9746 | D:11     | Found a transporter.
  9747 | D:11     | Noticed Cykl0x's ghost (journeyman MiFi)
  9913 | D:11     | Reached skill level 1 in Shields
 10044 | D:11     | Noticed a two-headed ogre
 10082 | D:11     | Killed a two-headed ogre
 10098 | D:11     | Reached skill level 10 in Spellcasting
 10221 | D:11     | Reached skill level 1 in Poison Magic
 10246 | D:11     | Identified the +10 acid dragon scales "Hero's Friend"
                  | {rPois Will- rCorr Str+7}
 10275 | D:11     | Reached skill level 5 in Throwing
 10280 | D:11     | Reached skill level 5 in Evocations
 10286 | D:11     | Reached skill level 5 in Dodging
 10298 | D:11     | Killed Cykl0x's ghost
 10515 | D:7      | Killed a +2 spear of chaos
 10613 | D:7      | Killed DearestLeader's ghost
 10813 | Lair:1   | Entered Level 1 of the Lair of Beasts
 11342 | Lair:1   | Found a transporter.
 11345 | Lair:1   | Found a transporter.
 11416 | Lair:1   | Noticed Fesmapux's ghost (journeyman MiBe)
 11466 | Lair:2   | Noticed a catoblepas
 11489 | Lair:2   | Noticed a six-headed hydra
 11504 | Lair:2   | Killed a six-headed hydra
 11510 | Lair:2   | Identified the +1 robe "Meloala" {Dex+3}
 11517 | Lair:2   | Noticed a four-headed hydra
 11529 | Lair:2   | Killed a four-headed hydra
 11530 | Lair:2   | Reached XP level 12. HP: 98/106 MP: 1/26
 12024 | Lair:2   | Killed a catoblepas
 12025 | Lair:2   | Reached **** piety under the Shining One
 12037 | Lair:2   | Reached skill level 10 in Fighting
 12490 | Lair:3   | Noticed a seven-headed hydra
 12497 | Lair:3   | Killed a seven-headed hydra
 12821 | Lair:3   | Upgraded the game from 0.27.1-15-g792fb953b9 to
                  | 0.27.1-33-g824d729ab1
 13289 | Lair:3   | Found a staircase to the Snake Pit.
 13586 | Lair:4   | Reached skill level 10 in Conjurations
 13586 | Lair:4   | Reached XP level 13. HP: 108/114 MP: 7/28
 13738 | Lair:4   | Reached skill level 5 in Shields
 14108 | Lair:4   | Learned a level 5 spell: Lee's Rapid Deconstruction
 14235 | Lair:4   | Found a staircase to the Swamp.
 14385 | Lair:4   | Reached ***** piety under the Shining One
 15716 | Lair:6   | Entered Level 6 of the Lair of Beasts
 16130 | Lair:6   | Noticed Nessos
 16140 | Lair:6   | Killed Nessos
 16299 | Lair:6   | Reached XP level 14. HP: 124/124 MP: 22/30
 16713 | Lair:6   | Found a sparkling altar of Nemelex Xobeh.
 16761 | Lair:6   | Found a staircase to the Slime Pits.
 17168 | Lair:6   | Found a large runed translucent door.
 17207 | Lair:6   | Found a large runed translucent door.
 18252 | Lair:1   | Killed Fesmapux's ghost
 18437 | D:6      | Bought a scroll of fog for 26 gold pieces
 18437 | D:6      | Bought a scroll of acquirement for 676 gold pieces
 18437 | D:6      | Bought a scroll of teleportation for 39 gold pieces
 18437 | D:6      | Acquired the Volume of Harmful Flight
 18445 | D:6      | Learned a level 5 spell: Iskenderun's Battlesphere
 18452 | D:6      | Learned a level 6 spell: Iron Shot
 18577 | Orc:1    | Entered Level 1 of the Orcish Mines
 18803 | Orc:2    | Entered Level 2 of the Orcish Mines
 19005 | Orc:1    | Noticed an orc warlord
 19009 | Orc:1    | Killed an orc warlord
 19552 | Orc:2    | Reached ****** piety under the Shining One
 19946 | Orc:2    | Found a staircase to the Elven Halls.
 20728 | Orc:2    | Found Heaheis's Weapon Shoppe.
 20816 | Orc:2    | Found Loemy's Jewellery Boutique.
 20832 | Orc:2    | Found Riedgh Galih's Weapon Boutique.
 20834 | Orc:2    | Found Qeunt's Armour Shoppe.
 20872 | Orc:2    | Bought the ring of Springtime {rPois rF++ Int+4 Dex+2
                  | Slay-2} for 876 gold pieces
 21032 | D:12     | You fall into a shaft and drop 2 floors!
 21152 | D:14     | Reached XP level 15. HP: 130/134 MP: 3/32
 23158 | D:13     | Found a gate to the Vaults.
 23763 | D:14     | Identified the +0 leather armour "Koxtoj" {Str+6}
 24057 | D:14     | Found Jot Hut's Serpentskin Sales.
 24118 | D:15     | Entered Level 15 of the Dungeon
 24298 | D:15     | Identified the +2 scale mail of Feasting {Rampage Will-
                  | MP+9 Str+2}
 24313 | D:15     | Reached skill level 5 in Air Magic
 24602 | D:15     | Paralysed by an orc sorcerer for 4 turns
 24620 | D:15     | Gained mutation: Your magical capacity is low. (-10% MP) [a
                  | neqoxec]
 24622 | D:15     | Gained mutation: You tend to lose your temper in combat. [a
                  | neqoxec]
 24917 | D:15     | Noticed a ghost moth
 24917 | D:15     | an ettin changed into a ghost moth
 24918 | D:15     | Killed a ghost moth
 25037 | D:15     | Found a staircase to the Depths.
 25556 | Snake:1  | Entered Level 1 of the Snake Pit
 26110 | Snake:1  | Reached XP level 16. HP: 119/144 MP: 3/30
 26894 | Snake:2  | Reached skill level 1 in Earth Magic
 26909 | Snake:2  | Found the amulet of Vitality {Regen+ HP+15}
 28440 | Snake:2  | Found Sivvyav's Assorted Antiques.
 28440 | Snake:2  | Found Juvor's Armour Emporium.
 29626 | Snake:3  | Reached skill level 5 in Translocations
 29884 | Swamp:1  | Entered Level 1 of the Swamp
 29891 | Swamp:1  | Noticed Nikola
 29914 | Swamp:1  | Killed Nikola
 29915 | Swamp:1  | Reached skill level 15 in Spellcasting
 29915 | Swamp:1  | Reached skill level 1 in Invocations
 31675 | Swamp:2  | Identified the +8 dagger "Remog" {vorpal, rElec rN+++ Str-5
                  | Int-4}
 31814 | Swamp:2  | Reached XP level 17. HP: 154/154 MP: 11/32
 31984 | Swamp:3  | Noticed Aizul
 32497 | Swamp:3  | Killed Aizul
 32788 | Swamp:3  | Found a runed translucent gate.
 32790 | Swamp:3  | Found a runed translucent gate.
 32795 | Swamp:3  | Noticed Leforghes's ghost (adept DsBe)
 32803 | Swamp:3  | Found a runed translucent gate.
 32938 | Swamp:4  | Entered Level 4 of the Swamp
 33501 | Swamp:4  | Reached skill level 10 in Dodging
 33723 | Swamp:4  | Reached skill level 15 in Fighting
 34404 | Swamp:4  | Noticed Kirke
 34577 | Swamp:4  | Killed Kirke
 35526 | Swamp:4  | Got a decaying rune of Zot
 35799 | Swamp:3  | Identified the +5 rapier "Negipt" {vorpal, rF++}
 36619 | Swamp:3  | Killed Leforghes's ghost
 37038 | Snake:4  | Entered Level 4 of the Snake Pit
 37903 | Snake:4  | Found a shimmering altar of Xom.
 38032 | Snake:4  | Reached XP level 18. HP: 165/165 MP: 11/34
 40627 | Snake:4  | Got a serpentine rune of Zot
 40866 | Vaults:1 | Entered Level 1 of the Vaults
 42739 | Vaults:1 | You fall into a shaft and drop 1 floor!
 42755 | Vaults:2 | Identified the ring of Mimutt {Fire rElec Str+3}
 42784 | Vaults:2 | Noticed Bai Suzhen
 42826 | Vaults:2 | Killed Bai Suzhen
 43872 | Vaults:2 | Reached skill level 5 in Earth Magic
 44920 | Vaults:2 | Reached XP level 19. HP: 174/174 MP: 15/36
 45242 | Vaults:2 | Noticed Saint Roka
 45256 | Vaults:2 | Killed Saint Roka
 46998 | Vaults:2 | Found a runed translucent gate.
 46998 | Vaults:2 | Found a runed translucent gate.
 46998 | Vaults:2 | Found a runed translucent gate.
 47003 | Vaults:2 | Found an opulent altar of Gozag.
 47003 | Vaults:2 | Found Nacyco's Assorted Antiques.
 47004 | Vaults:2 | Noticed Ziepidavo's ghost (veteran FoFi)
 49277 | Vaults:2 | Reached skill level 10 in Throwing
 49773 | Vaults:3 | Found a staircase to the Crypt.
 51163 | Vaults:3 | Reached XP level 20. HP: 184/184 MP: 10/38
 51565 | Vaults:4 | HP: 9/199 [vault warden (19)]
 51631 | Vaults:4 | Got the Grimoire of Poison and the Blaze
 51635 | Vaults:4 | Found a flickering gateway to a bazaar.
 51645 | Bazaar   | Entered a bazaar
 51695 | Bazaar   | Found Qaroen's Jewellery Boutique.
 51716 | Bazaar   | Found Vuuhimek's Assorted Antiques.
 51739 | Bazaar   | Found Wedy's Book Boutique.
 51760 | Bazaar   | Found Xauleygg's Antique Weapon Emporium.
 51803 | Bazaar   | Bought an encrusted mace for 200 gold pieces
 51803 | Bazaar   | Identified the +10 mace of Pilisu {vorpal, Fragile rF+
                  | rN++} (You bought it in a shop in a bazaar)
 51819 | Bazaar   | Bought a book of Geomancy for 286 gold pieces
 51864 | Bazaar   | Bought a wand of acid (10) for 200 gold pieces
 52317 | Vaults:4 | Reached skill level 5 in Maces & Flails
 52336 | Vaults:4 | Learned a level 2 spell: Passwall
 52342 | Vaults:4 | Learned a level 5 spell: Freezing Cloud
 52345 | Vaults:4 | Learned a level 2 spell: Slow
 52410 | Vaults:4 | Reached skill level 15 in Conjurations
 54941 | Vaults:2 | Killed Ziepidavo's ghost
 55041 | Vaults:2 | Bought a brightly glowing glass ring for 220 gold pieces
 55041 | Vaults:2 | Identified the ring "Muko" {rC+ AC+4 Str+4} (You bought it
                  | in a shop on level 2 of the Vaults)
 55041 | Vaults:2 | Bought a bubbling coppery potion for 39 gold pieces
 55309 | Elf:1    | Entered Level 1 of the Elven Halls
 55467 | Elf:1    | Found Duink's Book Shop.
 55470 | Elf:1    | Found Duol's Jewellery Shoppe.
 55472 | Elf:1    | Found Diazyif's Book Shop.
 55478 | Elf:1    | Bought a book of Alchemy for 364 gold pieces
 55483 | Elf:1    | Learned a level 4 spell: Petrify
 55487 | Elf:1    | Bought Lumiwos's Volume of Spatial Necromancy for 384 gold
                  | pieces
 55490 | Elf:1    | Learned a level 2 spell: Blink
 55559 | Elf:1    | Paralysed by an air elemental for 1 turns
 55827 | Elf:1    | Acquired 787 gold pieces
 56052 | Elf:1    | Found Kiagg's Weapon Boutique.
 56054 | Elf:1    | Found Tiog's Book Boutique.
 56096 | Elf:1    | Reached XP level 21. HP: 194/194 MP: 14/40
 56115 | Elf:1    | Reached skill level 10 in Earth Magic
 56389 | Elf:2    | Found Ydupodok's Antique Weapon Shoppe.
 56631 | Elf:2    | Found Abbyaq's Magic Scroll Boutique.
 56660 | Elf:2    | Bought a scroll of blinking for 82 gold pieces
 56660 | Elf:2    | Bought a scroll of fear for 38 gold pieces
 56660 | Elf:2    | Bought a scroll of acquirement for 572 gold pieces
 56666 | Elf:2    | Acquired the +1 pair of gloves of Ludurof {+Blink Dex+3}
 56850 | Elf:2    | Found a runed translucent gate.
 56850 | Elf:2    | Found a runed translucent gate.
 56854 | Elf:2    | Found a runed translucent gate.
 56873 | Elf:2    | Noticed Donald
 56906 | Elf:2    | Killed Donald
 57008 | Elf:2    | Paralysed by an air elemental for 1 turns
 57024 | Elf:2    | Found Gohish's Jewellery Boutique.
 57201 | Elf:2    | Reached skill level 10 in Shields
 58339 | Elf:3    | Entered Level 3 of the Elven Halls
 59813 | Elf:3    | Identified the +0 buckler of the Falcon {rPois SInv}
 59845 | Elf:3    | Identified the +0 robe "Vadgh" {Fly rPois rF- Int+6}
 59848 | Elf:3    | Identified the amulet "Histrerr" {Reflect -Tele Will+ Str+4
                  | SH+5}
 59851 | Elf:3    | Identified the +6 mace of Prescription {drain, Contam +Rage
                  | Str+6}
 60265 | Elf:1    | Bought a book of Air for 352 gold pieces
 60269 | Elf:1    | Learned a level 3 spell: Swiftness
 60514 | Depths:1 | Entered Level 1 of the Depths
 60643 | Depths:1 | Found a gateway to Hell.
 61413 | Depths:1 | Found a one-way gate to the infinite horrors of the Abyss.
 61789 | Depths:1 | Reached XP level 22. HP: 164/205 MP: 1/41
 62169 | Depths:1 | Found Wykiek's Antique Armour Shoppe.
 62181 | Depths:1 | Bought a pair of glowing gloves for 180 gold pieces
 62282 | Depths:1 | Learned a level 2 spell: Poisonous Vapours
 62502 | Depths:1 | Found a runed translucent gate.
 62502 | Depths:1 | Found a runed translucent gate.
 62502 | Depths:1 | Found a runed translucent gate.
 62507 | Depths:1 | Noticed xzight's ghost (legendary MiBe)
 62507 | Depths:1 | Identified the +7 broad axe "Poulyoku" {vorpal, Dex+4}
 62507 | Depths:1 | Identified the ring of the Moon {Wiz rC+ Int+3 Slay+2}
 63066 | Depths:1 | Reached skill level 1 in Transmutations
 64107 | Depths:2 | Identified the +0 short sword "Jesasch" {freeze, Will-
                  | rCorr Dex+4}
 64207 | Depths:2 | Identified the +0 ring mail of Mezcal {Int+3}
 65625 | Depths:2 | Found a shimmering blue altar of Sif Muna.
 66302 | Depths:3 | Found an ornate altar of the Wu Jian Council.
 66449 | Depths:3 | Reached skill level 5 in Stealth
 66731 | Depths:3 | Found a one-way gate leading to the halls of Pandemonium.
 67091 | Depths:3 | Reached XP level 23. HP: 159/215 MP: 7/43
 67112 | Depths:3 | Noticed a caustic shrike
 67268 | Depths:3 | Noticed a dread lich
 67273 | Depths:3 | Killed a dread lich
 67425 | Depths:3 | Killed a caustic shrike
 67590 | Depths:3 | Found Xynkieli's Antique Armour Shoppe.
 68877 | Depths:4 | Found the +9 scales of the Dragon King {rPois rF+ rC+
                  | Will+}
 68920 | Depths:4 | Noticed Jory
 69073 | Depths:4 | Killed Jory
 69136 | Depths:4 | Identified the +1 robe of Soraryu Bigo {+Inv rElec rN++
                  | Dex-5}
 69357 | Depths:4 | Noticed a juggernaut
 69365 | Depths:4 | Killed a juggernaut
 69645 | Depths:4 | Identified the +7 chain mail "Muos Han" {rF- rCorr Str+2}
 69649 | Depths:4 | Identified the +0 scale mail "Ponoap" {Will+}
 69659 | Depths:4 | Noticed a juggernaut
 69667 | Depths:4 | Killed a juggernaut
 69682 | Depths:4 | You fall into a shaft and drop 1 floor!
 69682 | Depths:5 | Entered Level 5 of the Depths
 70670 | Depths:4 | Noticed a juggernaut
 70679 | Depths:4 | Killed a juggernaut
 71053 | Depths:4 | Noticed a caustic shrike
 71057 | Depths:4 | Killed a caustic shrike
 71277 | Depths:5 | Found a sparkling altar of Nemelex Xobeh.
 71334 | Depths:5 | Found a gateway to a ziggurat.
 71651 | Depths:5 | Reached skill level 10 in Evocations
 71651 | Depths:5 | Reached XP level 24. HP: 226/226 MP: 4/44
 72853 | Depths:1 | Identified the +2 pair of gloves of Festooned Joy {Fly
                  | rElec Dex+2 Stlth+}
 73087 | Depths:1 | Lost mutation: You tend to lose your temper in combat.
                  | [potion of mutation]
 73087 | Depths:1 | Lost mutation: Your magical capacity is low. (-10% MP)
                  | [potion of mutation]
 73087 | Depths:1 | Gained mutation: You have large cloven feet. [potion of
                  | mutation]
 73126 | Depths:1 | Killed xzight's ghost
 73313 | D:10     | Identified a +7 sacred scourge of holy wrath (a +5 demon
                  | whip of flaming blessed by the Shining One)
 73313 | D:10     | Received a gift from the Shining One
 73509 | Vaults:5 | Entered Level 5 of the Vaults
 73629 | Vaults:5 | Noticed a dread lich
 75063 | Vaults:5 | Noticed a dread lich
 75082 | Vaults:5 | Killed a dread lich
 76079 | Vaults:5 | Got a silver rune of Zot
 76095 | Vaults:5 | Noticed an ancient lich
 76101 | Vaults:5 | Killed an ancient lich
 76513 | Vaults:5 | Reached XP level 25. HP: 235/235 MP: 13/49
 77015 | Vaults:5 | Got Haetwogafe's Volume of the Birds and Fire
 77043 | Vaults:5 | Identified the ring "Cigg" {*Corrode Int+5 Dex+6}
 77466 | Depths:1 | Voluntarily entered the Abyss.
 77466 | Abyss:1  | Found a corrupted altar of Lugonu.
 77485 | Abyss:1  | Learned a level 7 spell: Spellforged Servitor
 77623 | Abyss:1  | Found a radiant altar of Vehumet.
 77724 | Abyss:3  | Found a corrupted altar of Lugonu.
 78265 | Abyss:3  | Paralysed by accursed screaming for 1 turns
 78268 | Abyss:3  | Paralysed by accursed screaming for 1 turns
 78281 | Abyss:3  | Found a corrupted altar of Lugonu.
 78286 | Abyss:3  | Identified the +3 halberd of Massacring {drain, rF+}
 78623 | Abyss:3  | Reached skill level 15 in Earth Magic
 79014 | Abyss:3  | Got an abyssal rune of Zot
 79034 | Depths:1 | Escaped the Abyss
 79338 | Slime:1  | Entered Level 1 of the Pits of Slime
 79430 | Slime:2  | Noticed Dissolution
 79511 | Slime:2  | Gained mutation: You are clumsy. (Dex -2) [a shining eye]
 79511 | Slime:2  | Paralysed by a floating eye for 2 turns
 79514 | Slime:2  | Killed Dissolution
 80788 | Slime:3  | Found a viscous altar of Jiyva.
 81148 | Slime:5  | Entered Level 5 of the Pits of Slime
 81360 | Slime:5  | Reached XP level 26. HP: 223/246 MP: 27/50
 81530 | Slime:5  | Noticed the Royal Jelly
 82956 | Slime:5  | Killed the Royal Jelly
 82961 | Slime:5  | HP: 9/263 [acid (7)]
 84067 | Slime:5  | Identified the +8 executioner's axe "Towos" {holy, Str+3
                  | Int+2}
 84082 | Slime:5  | Identified the ring "Ytumofew" {rPois Int+2}
 84139 | Slime:5  | Got a slimy rune of Zot
 84180 | Slime:5  | Identified the +6 falchion "Imp's Death" {chaos, rC+ Dex+4}
 84201 | Slime:5  | Identified the +4 rapier of Subterfuge {freeze, rC+ rCorr}
 84648 | Snake:2  | Bought a scroll of fog for 60 gold pieces
 84648 | Snake:2  | Bought a scroll of enchant armour for 225 gold pieces
 84980 | Crypt:1  | Entered Level 1 of the Crypt
 85053 | Crypt:1  | Noticed Boris
 85198 | Crypt:1  | Killed Boris
 85901 | Crypt:2  | Reached skill level 10 in Maces & Flails
 85985 | Crypt:2  | Identified the +1 leather armour of the Bull {+Blink rC-
                  | Dex+4}
 86679 | Crypt:2  | Acquired a +3 eveningstar of venom
 86836 | Crypt:2  | Learned a level 6 spell: Statue Form
 86871 | Crypt:3  | Entered Level 3 of the Crypt
 87130 | Crypt:3  | Reached skill level 5 in Invocations
 87636 | Crypt:3  | Found a staircase to the Tomb.
 87874 | Crypt:3  | Noticed an ancient lich
 87879 | Crypt:3  | Killed an ancient lich
 87889 | Crypt:3  | Identified the +0 scale mail of the Present {+Blink Int+6
                  | Slay-5 SInv}
 87894 | Crypt:3  | Identified the ring of the Iron Devil {+Blink rC++ rN+
                  | Dex+3}
 87894 | Crypt:3  | Identified the ring of Roorr {+Blink rElec rPois rC- rN+}
 87894 | Crypt:3  | Identified the ring of Zesmehia {rN+ Will+ Str+8 Dex-3}
 88136 | Crypt:3  | Reached XP level 27. HP: 258/258 MP: 28/51
 88297 | Crypt:3  | Found an ancient bone altar of Kikubaaqudgha.
 88432 | Crypt:3  | Identified the +5 hand axe of Dust {protect, rF+}
 88986 | Vaults:2 | Bought a scroll of amnesia for 154 gold pieces
 88986 | Vaults:2 | Bought 2 potions of ambrosia for 704 gold pieces
 88986 | Vaults:2 | Bought a scroll of amnesia for 154 gold pieces
 88986 | Vaults:2 | Bought a dented sapphire amulet for 220 gold pieces
 89234 | Hell     | Entered the Vestibule of Hell
 89285 | Hell     | Found a gateway to the freezing wastes of Cocytus.
 89383 | Hell     | Noticed Geryon
 89558 | Hell     | Killed Geryon
 89800 | Hell     | Found a gateway to the Iron City of Dis.
 89856 | Hell     | Found a gateway to the ashen valley of Gehenna.
 89957 | Hell     | Found a gateway to the decaying netherworld of Tartarus.
 90039 | Tar:1    | Entered Level 1 of Tartarus
 91263 | Tar:7    | Entered Level 7 of Tartarus
 92699 | Tar:7    | Noticed Ereshkigal
 93198 | Tar:7    | Got Seor's Compendium of Creative Clay
 93208 | Tar:7    | Learned a level 8 spell: Lehudib's Crystal Spear
 93546 | Tar:7    | Killed Ereshkigal
 93589 | Tar:7    | Got a bone rune of Zot
 93590 | Tar:7    | Identified the ring of the Shining Light {Ice rPois}
 93780 | Geh:1    | Entered Level 1 of Gehenna
 93812 | Geh:1    | Found an ancient bone altar of Kikubaaqudgha.
 95370 | Geh:7    | Entered Level 7 of Gehenna
 96362 | Geh:7    | Found the +7 sceptre of Asmodeus
 96362 | Geh:7    | Noticed Asmodeus
 96375 | Geh:7    | Killed Asmodeus
 96388 | Geh:7    | Got an obsidian rune of Zot
 96805 | Coc:1    | Entered Level 1 of Cocytus
 96864 | Coc:2    | You are sucked into a shaft and drop 1 floor!
 97782 | Coc:6    | Reached skill level 10 in Invocations
 97848 | Coc:7    | Entered Level 7 of Cocytus
 97853 | Coc:7    | Reached skill level 15 in Dodging
 98281 | Coc:7    | Noticed the Serpent of Hell
 98293 | Coc:7    | Killed the Serpent of Hell
 98645 | Coc:7    | Identified the +1 rapier of Hagony {flame, *Corrode Will+
                  | Dex+4}
 98645 | Coc:7    | Noticed Antaeus
 98660 | Coc:7    | HP: 13/284 [Antaeus (3)]
 98661 | Coc:7    | Slain by Antaeus

Illustrated notes

Levels and vault maps discovered:
D:1:      scummos_arrival_checkerplants, layout_basic, minmay_tromino_mix6
D:2:      layout_loops_ring, dreamdust_ecumenical_altar_angels_and_demons,
          skrybe_limestone_x, chequers_serial_rivers_small_3, minmay_tripent,
          uniq_natasha, uniq_robin
D:3:      layout_basic, gammafunk_ghost_necromancy
D:4:      minmay_razor_zed, layout_loops_ring, grunt_dithmenos_smoke,
          cheibrodos_sewer_entry_sluice, uniq_pikel
D:5:      layout_basic, chequers_avenue
D:6:      layout_gridville, temple_statues, serial_shops, shop, uniq_duvessa,
          uniq_maggie
D:7:      layout_loops_cross, ebering_ghost_xom, hangedman_decor_diamond_cutter,
          chequers_serial_rivers_micro_a, uniq_joseph, uniq_crazy_yiuf_cottage,
          uniq_harold
D:8:      layout_cave_pools, gammafunk_temple_overflow_claw
D:9:      layout_grid_maze, lemuel_round_altar, mainiacjoe_overflow_24_doors,
          david_orc_2
D:10:     layout_basic, kennysheep_slug_shrine, lemuel_tele_altar,
          yredelemnul_altar_generic, grunt_lair_entry_orc_guard_hut
D:11:     layout_loops_ring, gammafunk_ghost_hive
D:12:     layout_irregular_city
D:13:     layout_cave_pools, hangedman_vaults_entry_quadrant_bands,
          serial_glass, glass_columns_c, glass_columns_c, glass_columns_a,
          glass_columns_a, glass_columns_a, glass_columns_a, lemuel_old_faithful
D:14:     layout_cave_pools, minivault_27, guppyfry_shop_venom
D:15:     hangedman_depths_entry_civil_slaughter, layout_cave_pods
Temple:   nicolae_temple_figure_eight
Lair:1:   layout_regular_city, nzn_ghost_randoct, chequers_serial_rivers_marsh
Lair:2:   layout_roguey, minmay_lair_oklob_chamber, serial_bayou_shore_a,
          infiniplex_staircase_pool_2, grunt_megastairs_2
Lair:3:   nzn_winding_woodlands_small [nzn_winding_woodlands_5x15_parted,
          nzn_winding_woodlands_center_garden,
          nzn_winding_woodlands_5x15_twine], layout_loops_ring,
          minmay_snake_entry_guardpost_large, st_stairs_7, serial_bayou_shore_b
Lair:4:   layout_gridlike, palyth_hydra_swamp_entry, gauntlet_entry_generic,
          special_room [special_room_mythical_zoo], dpeg_oklob_1,
          grunt_megastairs_4, lemuel_fruit_tree
Lair:5:   layout_cellular_growth
Lair:6:   cheibrodos_lair_end_hotspot, layout_cave_pods, slime_dummy,
          basic_altar, amcnicky_mini_pool_medium, uniq_nessos
Swamp:1:  layout_basic_swamp, serial_swamp_ruin, evilmike_swamp_ruin_house_3,
          evilmike_swamp_ruin_rubble_1, swamp_pool4, infiniplex_staircase_pool,
          uniq_nikola
Swamp:2:  layout_falls_marsh, evilmike_swamp_ruin_rubble_2
Swamp:3:  layout_basic_swamp, gammafunk_ghost_split,
          nicolae_swamp_well_well_well, swamp_pool1, uniq_aizul
Swamp:4:  swamp, layout_basic_swamp, uniq_kirke
Snake:1:  layout_onion_interference, grunt_megastairs_5
Snake:2:  layout_onion, minmay_shoptagon
Snake:3:  layout_honeycomb, st_stairs_6, drop_trap
Snake:4:  snake_pit, layout_cave_town, basic_altar, serial_bayou_shore_b
Slime:1:  nicolae_slime_pool, layout_caves
Slime:2:  layout_caves, nicolae_slime_welcoming_committee, uniq_dissolution
Slime:3:  layout_caves, basic_altar, nicolae_slime_round_cave
Slime:4:  layout_caves, nicolae_slime_barrier
Slime:5
Orc:1:    layout_caves
Orc:2:    st_orc_elflike, layout_diamond_mine, basic_altar, minmay_orc_temple_c
Elf:1:    layout_geoelf_octagon, serial_shops, shop, hangedman_elf_disciples,
          nicolae_take_the_stairs, nrook_mini_backslash, grunt_megastairs_3,
          minmay_shop_grove
Elf:2:    elven_hall_of_blades_hangedman_original
          [nicolae_vaults_blade_armed_guards], layout_geoelf_octagon,
          serial_shops, nicolae_shop_trees, nicolae_square_shop, shop,
          kilobyte_rumbling_trees, uniq_donald
Elf:3:    minmay_elf_hall, layout_loops_cross
Vaults:1: vaults_room_door_hall, nicolae_vaults_display_case,
          hangedman_vaults_nodes, grunt_vaults_twisty, ontoclasm_vaults_gateway,
          ontoclasm_vaults_pinch, layout_vaults_omnigrid
Vaults:2: ebering_vaults_ghost_gozag, v_misc_12, v_misc_33,
          nicolae_vaults_puzzle_piece, vaults_room_door_ring,
          hangedman_vaults_maws, vaults_mumra_chevron, v_misc_26,
          nicolae_vaults_theta, grunt_vaults_focal, dpeg_vaults_monster_box,
          nicolae_vaults_specimen_jars, ontoclasm_vaults_decontamination,
          v_misc_8, layout_vaults_omnicross, uniq_bai_suzhen, uniq_saint_roka
Vaults:3: v_alt_pattern_4, minmay_crypt_entry_vampire_xt, v_alt_pattern_5,
          vaults_standard_mumra_x, nicolae_vaults_little_squares_1,
          nicolae_vaults_little_ls, hangedman_vaults_corner_blocks, st_diamondy,
          hangedman_vaults_cutoff, vaults_room_pools, vaults_mumra_minichess,
          nicolae_vaults_little_squares_3, vaults_room_corners,
          layout_vaults_ring
Vaults:4: hangedman_vaults_variations, grunt_vaults_swirl, v_misc_1,
          v_alt_pattern_1, nicolae_vaults_little_squares_2,
          nicolae_vaults_network_periphery, v_misc_16, v_misc_19,
          ontoclasm_vaults_spin, nicolae_vaults_statue_guard,
          nicolae_vaults_twisting_passages, layout_vaults_omnibox, serial_shops,
          bzr_entry_islet
Vaults:5: serial_shops
Crypt:1:  layout_basic, grunt_crypt_arrival_guarded_gate, uniq_boris
Crypt:2:  layout_basic
Crypt:3:  evilmike_haunted_forest
Depths:1: layout_forbidden_donut, minmay_misc_feat_doors, hell_entry,
          serial_shops, nicolae_diamond_shop, gammafunk_ghost_tricky_traps,
          hangedman_abyss_entry_splay, minmay_multi_spiral
Depths:2: minmay_the_grid_octo_2x2 [minmay_the_grid_octo_clover_2,
          minmay_the_grid_octo_odd_swirl, minmay_the_grid_octo_chip,
          minmay_the_grid_octo_prize_star], layout_basic, led_sif_pool,
          hell_entry, serial_bayou_shore_b
Depths:3: kennysheep_water_balloons, layout_cave_shapes,
          nzn_wu_jian_council_hall, serial_glass, glass_columns_c,
          glass_columns_b, serial_shops, nicolae_shop_overgrown_old_shop,
          grunt_metal_band, rand_demon_pan_entry_7,
          infiniplex_staircase_squiggle
Depths:4: minmay_three_patterns, layout_gridville, abyss_entry,
          pf_vacation_house_of_asmodeus, uniq_jory
Depths:5: evilmike_zot_entry_hall, layout_gridville, enter_ziggurat_c,
          pf_hell_entry_tar_river, minmay_misc_feat_secret_circle, pan_entry,
          nemelex_spade_bored_becter, uniq_margery
Hell
Geh:1:    layout_gehenna_lava_caves, gehenna_fire_generator,
          lemuel_hellish_altar
Geh:2:    layout_gehenna_pools_triple
Geh:3:    layout_gehenna_pools_box
Geh:4:    layout_gehenna_pools_box
Geh:5:    layout_gehenna_lava_caves
Geh:6:    layout_gehenna_lava_caves
Geh:7:    geh_old
Coc:1:    layout_ice_bergs
Coc:2:    layout_cocytus_delve, nicolae_coc_three_mouths
Coc:3:    layout_ice_bergs
Coc:4:    layout_cocytus_delve, evilmike_ambush [evilmike_ambush_outer_basic,
          evilmike_ambush_inner_cross]
Coc:5:    layout_cocytus_water_paths
Coc:6:    layout_cocytus_water_paths
Coc:7:    coc_grunt
Tar:1:    layout_honeycomb, nicolae_tar_cuneiform_water
Tar:2:    layout_catacombs
Tar:3:    layout_cathedral_of_symmetry, nicolae_tar_cuneiform_to_be
Tar:4:    layout_cathedral_of_symmetry, nicolae_tar_cuneiform_city
Tar:5:    layout_honeycomb
Tar:6:    layout_grid_maze
Tar:7:    tar_minmay_river

Skill      XL: |  1  2  3  4  5  6  7  8  9 10 11 12 13 14 15 16 17 18 19 20 21 22 23 24 25 26 27 |
---------------+----------------------------------------------------------------------------------+-----
Dodging        | 2 3 4 5 6 7 8 9 10 11 12 13 15 | 15.2
Fighting       | 1 2 4 5 6 8 9 10 11 12 13 14 15 16 17 18 19 20 21 22 23 26 | 26.1
Stealth        | 2 3 4 5 |  5.1
Conjurations   | 5 6 7 8 9 10 11 12 13 14 15 16 17 18 20 | 20.4
Short Blades   | 1 2 3 |  3.1
Spellcasting   | 3 5 6 7 9 10 11 12 13 14 15 16 17 18 19 20 21 22 23 24 26 | 26.3
Maces & Flails | 1 2 3 4 6 7 8 9 10 14 | 14.2
Throwing       | 1 3 4 5 6 7 9 10 11 | 11.2
Evocations     | 2 3 5 6 7 8 9 10 11 | 11.1
Translocations | 1 2 3 4 5 6 7 8 |  8.3
Air Magic      | 1 3 4 5 7 8 9 |  9.1
Shields        | 3 4 6 7 8 9 10 11 14 | 14.0
Poison Magic   | 1 2 3 |  3.4
Earth Magic    | 2 4 5 7 9 11 12 13 14 15 16 18 | 18.5
Invocations    | 1 5 10 | 10.3
Transmutations | 1 2 |  2.0
Summonings     | |  0.9
Ice Magic      | |  0.4

Action                   |  1- 3 |  4- 6 |  7- 9 | 10-12 | 13-15 | 16-18 | 19-21 | 22-24 | 25-27 || total
-------------------------+-------+-------+-------+-------+-------+-------+-------+-------+-------++-------
Melee: Unarmed           |     7 |       |       |       |       |       |       |       |       ||     7
       Dagger            |    14 |       |       |       |       |       |       |       |       ||    14
       Tailslap          |     3 |     4 |     1 |     4 |    26 |    14 |    33 |    37 |   384 ||   506
       Short sword       |     5 |    52 |       |       |       |       |       |       |       ||    57
       Whip              |       |       |    19 |    33 |   199 |    86 |       |       |       ||   337
       Staff             |       |       |       |       |       |    10 |       |       |       ||    10
       Flail             |       |       |       |       |       |     9 |    53 |       |       ||    62
       Mace              |       |       |       |       |       |       |   136 |   148 |       ||   284
       Sacred scourge    |       |       |       |       |       |       |       |    71 |  2571 ||  2642
Throw: Dart              |       |     7 |    34 |    65 |   179 |   107 |    96 |    82 |       ||   570
       Throwing net      |       |     2 |     3 |     2 |       |       |     1 |     4 |       ||    12
       Javelin           |       |       |       |       |       |    25 |       |    16 |       ||    41
 Cast: Magic Dart        |    53 |   131 |    22 |     5 |    20 |    90 |    11 |     2 |     4 ||   338
       Searing Ray       |     3 |    21 |    42 |   147 |   329 |   274 |   144 |    40 |    42 ||  1042
       Iskenderun's Myst |       |       |     5 |    20 |    70 |    83 |    79 |    63 |   189 ||   509
       Mephitic Cloud    |       |       |     4 |    12 |    45 |    14 |    15 |     6 |       ||    96
       Lightning Bolt    |       |       |       |     5 |    65 |   122 |    59 |    67 |    62 ||   380
       Iron Shot         |       |       |       |       |     7 |   175 |   199 |   390 |   634 ||  1405
       Iskenderun's Batt |       |       |       |       |     3 |    55 |    23 |    16 |    11 ||   108
       Lee's Rapid Decon |       |       |       |       |       |    23 |   200 |    71 |   115 ||   409
       Freezing Cloud    |       |       |       |       |       |       |     1 |     3 |     4 ||     8
       Petrify           |       |       |       |       |       |       |     3 |    24 |       ||    27
       Poisonous Vapours |       |       |       |       |       |       |       |    13 |     2 ||    15
       Blink             |       |       |       |       |       |       |       |     7 |     3 ||    10
       Slow              |       |       |       |       |       |       |       |     2 |       ||     2
       Passwall          |       |       |       |       |       |       |       |     8 |       ||     8
       Lehudib's Crystal |       |       |       |       |       |       |       |       |    23 ||    23
       Spellforged Servi |       |       |       |       |       |       |       |       |     4 ||     4
Invok: Divine Shield     |       |       |       |       |     1 |     5 |     1 |       |       ||     7
       Brand Weapon With |       |       |       |       |       |       |       |     1 |       ||     1
       Cleansing Flame   |       |       |       |       |       |       |       |       |    26 ||    26
       Summon Divine War |       |       |       |       |       |       |       |       |    17 ||    17
 Abil: Evoke Blink       |       |       |       |       |       |       |       |     1 |       ||     1
Evoke: Wand              |       |       |    24 |    81 |    73 |    35 |    46 |    80 |    23 ||   362
       Box of beasts     |       |       |       |       |       |     3 |     9 |     9 |     8 ||    29
       Phantom mirror    |       |       |       |       |       |       |     8 |     9 |     7 ||    24
       Lightning rod     |       |       |       |       |       |       |       |    40 |    28 ||    68
       Tin of tremorston |       |       |       |       |       |       |       |     4 |    11 ||    15
  Use: Scroll            |       |     6 |     6 |     7 |    12 |    11 |    13 |    14 |    20 ||    89
       Potion            |       |       |       |     3 |     7 |    15 |     4 |     2 |    13 ||    44
Armor: Skin              |    13 |    27 |    23 |   149 |   287 |   424 |   232 |   239 |   789 ||  2183
Dodge: Dodged            |    16 |    63 |    44 |   178 |   471 |   618 |   402 |   393 |  1348 ||  3533
Block: Buckler           |       |       |       |     5 |   174 |   397 |   309 |   204 |   927 ||  2016
       Reflection        |       |       |       |       |       |       |    27 |    11 |    12 ||    50
